 Dungeon Crawl Stone Soup version 0.16-a0-3623-gda98d6b (webtiles) character file.

930 Minkie the Ruffian (level 8, -2/64 HPs)
             Began as a Naga Transmuter on Jan 13, 2015.
             Was a Believer of Cheibriados.
             Slain by a gnoll
             ... wielding a +0 spear
              (10 damage)
             ... on level 5 of the Dungeon.
             The game lasted 00:29:11 (4551 turns).

Minkie the Ruffian (Naga Transmuter)                Turns: 4551, Time: 00:29:11

Health: -2/64      AC:  2    Str: 17    XL:     8   Next: 11%
Magic:  10/13      EV: 24    Int: 22    God:    Cheibriados [**....]
Gold:   146        SH:  0    Dex: 21    Spells: 3 memorised, 2 levels left

rFire  . . .     SeeInvis +       - Unarmed
rCold  . . .     Clarity  .     c - melded +0 robe
rNeg   . . .     SustAb   .     g - melded +0 buckler
rPois  x         Gourm    .     q - melded +1 helmet
rElec  .         Spirit   .     w - melded +0 cloak
rCorr  .         Warding  .     i - melded +0 pair of gloves
rMut   .         Stasis   .     (no barding)
MR     +....                    (no amulet)
Stlth  ++........               (no ring)
                                n - +5 ring of evasion

@: spider-form, very slow, somewhat resistant to hostile enchantments,
unstealthy
A: spit poison, see invisible, (deformed body), (poison resistance), (slowness
0), AC +2
a: Spit Poison, End Transformation, Bend Time, Renounce Religion


You were on level 5 of the Dungeon.
You worshipped Cheibriados.
Cheibriados was pleased with you.
You were very hungry.
You were a venomous arachnid creature.
You visited 1 branch of the dungeon, and saw 5 of its levels.

You collected 146 gold pieces.

Inventory:

Missiles
 f - 3 javelins
Armour
 c - a +0 robe (melded)
 g - a +0 buckler (melded)
 i - a +0 pair of gloves (melded)
 q - a +1 helmet (melded)
 w - a +0 cloak (melded)
Jewellery
 n - a +5 ring of evasion (left front leg)
Magical devices
 o - a wand of enslavement (0)
Scrolls
 e - a scroll of noise {unknown}
 h - a scroll of fog {unknown}
 j - 2 scrolls of enchant armour {unknown}
 k - 4 scrolls of teleportation
 r - a scroll of magic mapping {unknown}
 s - a scroll of random uselessness {unknown}
 u - a scroll of amnesia {unknown}
 y - 2 scrolls of fear {unknown}
 B - a scroll of remove curse {unknown}
 C - 3 scrolls of blinking {unknown}
Potions
 b - a potion of cure mutation
 l - 2 potions of agility
 m - a potion of heal wounds
 p - 4 potions of curing
 t - 2 potions of haste {unknown}
 v - a potion of mutation {unknown}
 x - 3 potions of berserk rage {unknown}
 z - a potion of lignification {unknown}
 A - a potion of resistance {unknown}
Books
 d - a book of Changes

   Spells                             Type                      Level
   a - Beastly Appendage              Transmutation                1
   b - Sticks to Snakes               Transmutation                2
   c - Spider Form                    Transmutation/Poison         3
   d - Ice Form                       Ice/Transmutation            4
   e - Blade Hands                    Transmutation                5
Comestibles
 a - 6 bread rations
 E - a meat ration


   Skills:
 - Level 1.0 Fighting
 - Level 1.5 Dodging
 - Level 3.2 Shields
 + Level 6.0 Unarmed Combat
 - Level 2.0 Spellcasting
 + Level 5.7 Transmutations
 - Level 3.0 Poison Magic


You had 2 spell levels left.
You knew the following spells:

 Your Spells              Type           Power        Failure   Level  Hunger
a - Beastly Appendage     Trmt           ####..       6%          1    #......
b - Spider Form           Trmt/Pois      ###.......   24%         3    ###....
c - Blade Hands           Trmt           ####......   61%         5    ######.


Dungeon Overview and Level Annotations

Branches:
Dungeon (5/15)
 Temple: D:4-7

Altars:
Cheibriados
Dithmenos
Zin


Innate Abilities, Weirdness & Mutations

You cannot wear boots.
You can spit poison.
((Your serpentine skin is tough (AC +2).))
You have supernaturally acute eyesight.
((Armour fits poorly on your strangely shaped body.))
((Your system is resistant to poisons.))
((You cover ground very slowly.))


Message History

Your +0 buckler melds into your body.
Your +0 robe melds into your body.
The gnoll completely misses you.
The gnoll hits you from afar with a spear.
The gnoll closely misses you.
You hit the gnoll.
The gnoll is poisoned.
The gnoll is heavily wounded.
The gnoll hits you from afar with a spear. x2
The gnoll completely misses you.
You hit the gnoll.
The gnoll is severely wounded.
You are feeling very hungry.
The gnoll hits you from afar with a spear!
* * * LOW HITPOINT WARNING * * *
The gnoll hits you from afar with a spear!
* * * LOW HITPOINT WARNING * * *
An orc priest comes into view. It is wielding a whip.
You kill the gnoll!
Cheibriados appreciates the change of pace.
The gnoll hits you with a spear!
You die...

##. ####..# ###.....#
###.......# #..........#
.......?..# ..........#
#gg..# #)s#.# ##.#### ....
#..# .........###..#
..........##..#####
...............#...#####
..............#........###
..)......................##
#............o............#


You could see 2 gnolls.

Vanquished Creatures
  Grinder (D:4)
  Edmund (D:4)
  An ogre (D:4)
  Crazy Yiuf (D:2)
  A centaur skeleton (D:4)
  An orc priest (D:4)
  3 worker ants (D:4)
  An iguana (D:4)
  4 orc wizards (D:4)
  Robin (D:2)
  5 gnolls
  8 adders
  A giant mite (D:2)
  3 worms
  9 orcs
  A ball python (D:3)
  6 bats
  2 giant cockroaches
  9 hobgoblins
  A giant gecko skeleton (D:4)
  9 giant newts
  15 goblins
  11 kobolds
  9 rats
104 creatures vanquished.

Notes
Turn   | Place    | Note
--------------------------------------------------------------
     0 | D:1      | Minkie, the Naga Transmuter, began the quest for the Orb.
     0 | D:1      | Reached XP level 1. HP: 18/18 MP: 3/3
   895 | D:1      | Reached XP level 2. HP: 25/25 MP: 4/4
  1075 | D:2      | Noticed Robin
  1473 | D:2      | Reached XP level 3. HP: 31/31 MP: 6/6
  1532 | D:2      | Killed Robin
  1910 | D:2      | Reached skill level 4 in Unarmed Combat
  1910 | D:2      | Reached XP level 4. HP: 33/38 MP: 7/7
  2537 | D:2      | Noticed Crazy Yiuf
  2554 | D:2      | Killed Crazy Yiuf
  2554 | D:2      | Reached XP level 5. HP: 28/44 MP: 9/9
  2903 | D:2      | Learned a level 3 spell: Spider Form
  3037 | D:3      | Found a glowing silver altar of Zin.
  3147 | D:3      | Found a snail-covered altar of Cheibriados.
  3164 | D:3      | Became a worshipper of Cheibriados the Contemplative
  3478 | D:4      | Reached skill level 1 in Poison Magic
  3510 | D:4      | Reached XP level 6. HP: 42/51 MP: 10/10
  3568 | D:4      | Noticed Edmund
  3588 | D:4      | Killed Edmund
  3588 | D:4      | Reached skill level 5 in Unarmed Combat
  3660 | D:4      | Learned a level 5 spell: Blade Hands
  3934 | D:4      | Reached skill level 1 in Shields
  3934 | D:4      | Reached XP level 7. HP: 57/57 MP: 12/12
  4025 | D:4      | Reached skill level 5 in Transmutations
  4062 | D:4      | Noticed Grinder
  4076 | D:4      | Paralysed by Grinder for 3 turns
  4082 | D:4      | Killed Grinder
  4385 | D:4      | Noticed an ogre
  4391 | D:4      | Killed an ogre
  4391 | D:4      | Reached XP level 8. HP: 64/64 MP: 13/13
  4399 | D:4      | Found a shadowy altar of Dithmenos.
  4419 | D:5      | Entered Level 5 of the Dungeon
  4426 | D:5      | Reached skill level 6 in Unarmed Combat
  4551 | D:5      | Slain by a gnoll

Action                   |  1- 3 |  4- 6 |  7- 9 || total
-------------------------+-------+-------+-------++-------
Melee: Unarmed           |    61 |   183 |    46 ||   290
Throw: Tomahawk          |    10 |     3 |       ||    13
       Javelin           |       |     7 |     9 ||    16
 Cast: Beastly Appendage |     2 |       |       ||     2
       Spider Form       |       |       |     3 ||     3
 Abil: Spit Poison       |    18 |    36 |    14 ||    68
  Use: Potion            |     1 |     1 |     1 ||     3
       Scroll            |       |     4 |     1 ||     5
 Stab: Distracted        |     1 |       |       ||     1
       Sleeping          |       |       |     1 ||     1
  Eat: Chunk             |     4 |     8 |     2 ||    14
